 Dungeon Crawl Stone Soup version bcrawl-1.37.2 (webtiles) character file.

Game seed: 13374009694808341756

7978697 Mehrunes the Pandemonic (level 17, -1/135 HPs)
             Began as a Demonspawn Monk on Oct 26, 2022.
             Was a High Priest of Makhleb.
             Slain by an eight-headed hydra (5 damage)
             ... on level 3 of the Swamp.
             The game lasted 02:07:29 (35635 turns).

Mehrunes the Pandemonic (Demonspawn Monk)          Turns: 35635, Time: 02:07:30

Health: -1/135     AC: 35    Str: 21    XL:     17   Next: 72%
Magic:  31/31      EV:  5    Int: 13    God:    Makhleb [*****.]
Gold:   1428       SH: 12    Dex: 16    Spells: 15/16 levels left

rFire    . . .     GDR:     36% F - +9 broad axe (vamp)
rCold    . . .     SeeInvis .   d - +0 medium shield {AC+3}
rNeg     + . .     Gourm    .   x - +8 plate armour
rPois    +         Faith    +   Z - +2 hat
rElec    +         Spirit   .   g - +1 cloak {rPois}
rCorr    .         Reflect  .   J - +0 pair of gloves
MR       +....                  Y - +0 pair of boots
Stlth    ..........             o - amulet "Byjucog" {Faith MR+ Str+4}
HPRegen  0.32/turn              I - ring of positive energy
MPRegen  0.22/turn              a - ring of insulation

@: about to teleport, vulnerable, slowed, lightly drained, very slow
A: claws 2, icy blue scales 1, demonic guardian 2, foul stench 2, augmentation
1, rot immunity
}: 1/15 runes: barnacled
a: Minor Destruction, Hew, Major Destruction, Greater Servant of Makhleb,
Renounce Religion


You were on level 3 of the Swamp.
You worshipped Makhleb.
Makhleb was extremely pleased with you.
You were very hungry.

You visited 6 branches of the dungeon, and saw 26 of its levels.
You also visited: Sewer, Ossuary and Bailey.

You collected 2576 gold pieces.
You spent 1148 gold pieces at shops.

Inventory:

Hand Weapons
 F - a +9 vampiric broad axe (weapon)
 H - the +7 sceptre of Torment {pain, torment}
   (You found it on level 1 of the Swamp)

   In the hands of one skilled in necromantic magic, it inflicts extra damage on
   living creatures.
 K - a +0 vampiric war axe
Missiles
 i - a throwing net {=f}
 U - 1208 javelins (quivered)
Armour
 d - a +0 medium shield of protection (worn)
 g - a +1 cloak of poison resistance (worn)
 x - a +8 plate armour (worn)
 D - a +0 buckler
 J - a +0 pair of gloves (worn)
 Y - a +0 pair of boots (worn)
 Z - a +2 hat (worn)
Jewellery
 a - a ring of insulation (right hand)
 f - an uncursed ring of stealth
 h - the amulet "Keysk" {Reflect rF- rC+ Str+3 Dex+3 SH+4}
   (You took it off a merfolk javelineer on level 3 of the Shoals)

   [amulet of reflection]

   It shields you and reflects attacks.
   It affects your strength (+3).
   It affects your dexterity (+3).
   It makes you vulnerable to fire.
   It protects you from cold.
   It affects your SH (+4).
 k - an uncursed ring of flight
 o - the amulet "Byjucog" (around neck) {Faith MR+ Str+4}
   (You bought it in a shop in the Orcish Mines)

   [amulet of faith]

   It allows you to gain divine favour quickly.
   It affects your strength (+4).
   It affects your resistance to hostile enchantments.
 A - an uncursed amulet of the acrobat
 I - a ring of positive energy (left hand)
 L - an uncursed ring of resist corrosion
 O - the ring "Vudabo" {rC+ Dex+2}
   (You took it off a centaur on level 6 of the Dungeon)

   [ring of dexterity]

   It affects your dexterity (+2).
   It protects you from cold.
 R - an uncursed ring of protection from fire
 T - an uncursed ring of protection from cold
Wands
 b - a wand of scattershot (5)
 t - a wand of iceblast (17)
 u - a wand of charming (10)
 Q - a wand of acid (9)
Scrolls
 l - a scroll of enchant weapon
 n - 3 scrolls of remove curse
 p - a scroll of noise
 r - 7 scrolls of teleportation
 w - 6 scrolls of amnesia
 y - a scroll of silence
 B - 6 scrolls of fear
 C - 2 scrolls of fog
 G - 4 scrolls of magic mapping
 W - a scroll of vulnerability
Potions
 c - 5 potions of brilliance
 j - a potion of agility
 m - a potion of cancellation
 q - 9 potions of curing
 s - 3 potions of flight
 v - 2 potions of invisibility
 E - 2 potions of haste
 N - a potion of ambrosia
 P - 2 potions of lignification
 S - 3 potions of mutation
 V - 2 potions of magic
Miscellaneous
 z - a lamp of fire
Comestibles
 e - 40 rations {!d}


   Skills:
 + Level 12.6 Fighting
 + Level 16.3(16.9) Axes
 - Level 8.8(13.5) Maces & Flails
 - Level 11.0(10.9) Armour
 - Level 3.2(3.1) Dodging
 - Level 2.0(1.9) Stealth
 + Level 8.9(8.8) Shields
 - Level 20.4(20.3) Invocations


You had 15 spell levels left.
You knew the following spells:

 Your Spells              Type           Power        Failure   Level  Hunger
a - Summon Butterflies    Summ           #.......     100%        1    None

Your spell library contained the following spells:

 Spells                   Type           Power        Failure   Level  Hunger
 Apportation              Tloc           #.....       100%        1    None
 Corona                   Hex            #......      100%        1    None
 Flame Tongue             Conj/Fire      #....        100%        1    None
 Infusion                 Chrm           #.......     100%        1    None
 Sandblast                Erth           #.....       100%        1    None
 Slow                     Hex            #.......     100%        1    None
 Sting                    Conj/Pois      #...         100%        1    None
 Flaming Arrows           Chrm/Fire      #.......     100%        2    ####...
 Passwall                 Tmut/Erth      #.......     100%        2    ####...
 Poisonous Vapours        Pois/Air       #.....       100%        2    ####...
 Swiftness                Chrm/Air       #.......     100%        2    ####...
 Beckoning                Tloc           #.........   100%        3    #####..
 Call Canine Familiar     Summ           #.......     100%        3    #####..
 Conjure Flame            Conj/Fire      #.......     100%        3    #####..
 Ignite Poison            Fire/Tmut/Pois #.......     100%        3    #####..
 Inner Flame              Hex/Fire       N/A          100%        3    #####..
 Tukima's Dance           Hex            #.......     100%        3    #####..
 Olgreb's Toxic Radiance  Pois           #........    100%        4    ######.
 Sticky Flame             Conj/Fire      #.......     100%        4    ######.
 Summon Ice Beast         Ice/Summ       #.......     100%        4    ######.
 Summon Scorpions         Summ/Pois      #.......     100%        4    ######.
 Bolt of Magma            Conj/Fire/Erth #.........   100%        5    #######
 Fireball                 Conj/Fire      #.........   100%        5    #######
 Lee's Rapid Deconstruct  Erth           #.........   100%        5    #######
 Passage of Golubria      Tloc           N/A          100%        5    #######
 Summon Mana Viper        Hex/Summ       #.......     100%        5    #######
 Venom Bolt               Conj/Pois      #.........   100%        5    #######
 Conjure Ball Lightning   Conj/Air       #.........   100%        6    #######
 Darkness                 Hex            #.........   100%        6    #######
 Deflect Missiles         Chrm/Air       #.........   100%        6    #######
 Invisibility             Hex            #.......     100%        6    #######
 Iron Shot                Conj/Erth      #.........   100%        6    #######
 Statue Form              Tmut/Erth      #........    100%        6    #######
 Summon Hydra             Summ           #.........   100%        6    #######
 Icicle Burst             Conj/Ice       #.........   100%        7    #######
 Monstrous Menagerie      Summ           #.........   100%        7    #######
 Ignition                 Fire           #.........   100%        8    #######
 Tornado                  Tloc/Air       #.........   100%        8    #######
 Shatter                  Erth           #.........   100%        9    #######


Dungeon Overview and Level Annotations

Branches:
Dungeon (12/12)            Temple (0/1) D:7            Lair (6/6) D:7
  Swamp (3/3) Lair:2       Shoals (3/3) Lair:3        Slime (0/5) Lair:6
    Orc (1/1) D:9             Elf (1/3) Orc          Vaults (0/3) D:11
 Depths (0/5) D:12

Altars:
Fedhas
Kikubaaqudgha
Makhleb
Nemelex Xobeh
Okawaru
Qazlal
Trog
Uskayaw
Wu Jian
Xom
Yredelemnul
Jiyva

Shops:
D:10 (   Orc [(*==

Annotations:
D:3 2 transporters, Earthwalker's ghost, amateur DgFE
D:4 3 runed translucent doors, Exe's ghost, amateur MiAc


Innate Abilities, Weirdness & Mutations

You have very sharp fingernails.
You are partially covered in icy blue scales. (AC +2)
A demonic guardian rushes to your aid.
You frequently emit foul miasma when damaged in melee.
Your magical and physical power is slightly enhanced at high health.
You are immune to rotting.


Message History

The eight-headed hydra bites you but does no damage.
The eight-headed hydra looks sick.
The eight-headed hydra bites you but does no damage. x3
The eight-headed hydra bites you.
* * * LOW HITPOINT WARNING * * *
The swamp drake moves out of view.
As you read the scroll of teleportation, it crumbles to dust.
You feel strangely unstable.
You are engulfed in spectral mist.
* * * LOW HITPOINT WARNING * * *
An eight-headed hydra comes into view.
The eight-headed hydra is engulfed in spectral mist.
The eight-headed hydra bites you.
* * * LOW HITPOINT WARNING * * *
The eight-headed hydra bites you but does no damage.
The eight-headed hydra barely misses you.
The eight-headed hydra bites you but does no damage.
You block the eight-headed hydra's attack.
The eight-headed hydra bites you but does no damage.
The eight-headed hydra bites you.
You die...

♣♣♣.≈≈≈≈...
♣§...≈ ...♣
♣♣♣♣♣.≈.♣≈≈≈...
≈....≈≈..♣..♣§.
≈≈≈..≈≈≈.≈w...♣
≈≈≈≈%.≈☼≈≈.≈≈≈♣♣
.≈≈≈≈≈○☼D≈≈≈≈≈.♣
♣.≈≈§t@♣ (.J≈.♣
♣≈.
#♣§≈≈○vZ≈≈♣.≈.♣♣
≈≈
#♣..≈[.○♣♣≈...♣♣
♣.♣
#♣≈≈.≈.♣.≈≈≈y.♣
≈.
#♣≈.≈.w.≈≈Wvv♣♣
.♣
#..≈.♣.J≈v≈v<♣♣
≈♣#
#♣.≈..≈.W≈Wv≈≈♣
≈≈♣
♣≈..D≈≈≈3♣♣♣♣♣
D≈♣ #≈≈.≈.≈§w.♣


You could see 2 eight-headed hydras, a ghost crab, a spectral swamp drake, 2
swamp worms and a will-o'-wisp.

Vanquished Creatures
  Nikola (Swamp:3)
  Polyphemus (Shoals:3)
  A kraken (Shoals:2)
  A thorn hunter (Swamp:2)
  Donald (Swamp:1)
  2 dire elephants (Lair:6)
  An ettin (D:12)
  3 merfolk javelineers
  8 merfolk impalers (Shoals:3)
  7 hydras
  2 shambling mangroves
  3 alligator snapping turtles
  2 ogre magi (D:12)
  A merfolk avatar (Shoals:3)
  4 alligators
  2 two-headed ogres
  2 merfolk aquamancers
  2 tengu warriors (D:12)
  A catoblepas (Shoals:3)
  2 satyrs
  7 dancing weapons
  An anaconda (Lair:6)
  7 death yaks
  An orc high priest (Orc)
  4 sea snakes
  4 deep elf knights (Elf:1)
  A spriggan druid (Swamp:2)
  An unseen horror (D:11)
  A goliath frog (Swamp:1)
  3 swamp dragons
  A deep elf archer (Elf:1)
  3 orc knights
  A wizard (D:11)
  6 harpies
  2 orc sorcerers (Orc)
  4 manticores
  6 fauns
  10 elephants
  18 deep elf magi
  3 merfolk sirens
  4 will-o'-wisps
  5 water nymphs
  2 black mambas
  2 gargoyles (D:11)
  8 cane toads
  A yaktaur (Shoals:2)
  2 komodo dragons
  An eye of draining (D:9)
  2 tengu conjurers (D:12)
  Maurice (D:8)
  3 tyrant leeches
  A troll (Orc)
  12 merfolk
  5 large abominations
  6 hornets
  3 wind drakes
  2 polar bears
  6 slime creatures
  5 bog bodies
  7 snapping turtles
  3 dream sheep
  4 blink frogs
  7 hippogriffs
  A spriggan (Swamp:2)
  11 water elementals
  2 air elementals (Shoals:3)
  2 wraiths
  3 wyverns
  27 yaks
  A vampire (D:9)
  3 fire elementals (Elf:1)
  A basilisk (Lair:6)
  3 hungry ghosts
  4 wargs
  6 vampire mosquitoes
  6 swamp worms
  7 crocodiles
  An acid dragon (D:8)
  5 water moccasins
  4 porcupines
  2 swamp drakes
  4 sky beasts
  21 orc warriors
  4 ice beasts
  Purgy (Sewer)
  A black bear (D:8)
  A phantom (D:7)
  10 ogres
  10 wolves (Lair:3)
  4 kobold brigands
  11 bullfrogs
  An earth elemental (Elf:1)
  2 wyvern skeletons
  4 centaurs (Lair:3)
  A centaur (shapeshifter) (D:12)
  2 scorpions
  7 small abominations (D:11)
  5 killer bees
  2 wights
  A howler monkey (D:8)
  11 orc priests
  7 crimson imps
  3 hounds
  A jelly (D:7)
  2 bullfrog skeletons (D:8)
  4 iguanas
  18 orc wizards
  6 worker ants
  A hound skeleton (D:9)
  5 gnolls
  9 adders
  A shadow imp (D:8)
  An ooze (D:2)
  An adder skeleton (D:4)
  2 adder zombies
  3 worms
  2 dart slugs
  4 leopard geckos
  86 orcs
  3 ball pythons
  3 giant cockroaches
  5 goblins
  4 hobgoblins
  7 jackals
  10 kobolds
  5 quokkas
  A ball python skeleton (Ossuary)
  12 bats
  5 frilled lizards
  A hobgoblin skeleton (Ossuary)
  2 hobgoblin zombies (Ossuary)
  3 kobold zombies (Ossuary)
  An orc skeleton (Ossuary)
  6 rats
  A spectral orc (D:6)
  7 plants
  A tentacle (Shoals:2)
648 creatures vanquished.

Vanquished Creatures (collateral kills)
  Gastronok (Lair:2)
  Frances (Swamp:2)
  Jorgrun (Orc)
  A titan (Shoals:3)
  An orc warlord (D:9)
  4 dire elephants (Lair:6)
  4 merfolk impalers (Shoals:3)
  2 merfolk javelineers (Shoals:3)
  Urug (Lair:5)
  Erolcha (Orc)
  2 hydras
  4 merfolk aquamancers (Shoals:3)
  A shambling mangrove (Swamp:1)
  A catoblepas (D:9)
  3 merfolk avatars (Shoals:3)
  5 two-headed ogres
  11 death yaks
  A satyr (Shoals:3)
  An alligator snapping turtle (Shoals:3)
  2 alligators
  3 sea snakes
  Nergalle (Orc)
  A deep elf knight (Elf:1)
  A deep troll (D:12)
  A death drake (Swamp:1)
  A cyclops (D:12)
  An orc knight (Orc)
  5 harpies
  A deep elf archer (Elf:1)
  A deep elf mage (Elf:1)
  3 manticores
  8 elephants
  A black mamba (Lair:4)
  2 merfolk sirens (Shoals:3)
  2 water nymphs (Shoals:3)
  A gargoyle (D:7)
  3 cane toads
  A komodo dragon (Lair:5)
  An eye of draining (D:12)
  A kobold demonologist (D:11)
  A troll (D:9)
  7 merfolk
  2 harpy skeletons
  7 wind drakes (Shoals:3)
  9 blink frogs
  A bog body (Swamp:2)
  5 snapping turtles (Shoals:3)
  6 dream sheep (Lair:6)
  A hippogriff (D:12)
  2 wraiths
  5 water elementals
  2 air elementals (Shoals:3)
  27 yaks
  3 crocodiles
  An acid dragon (D:7)
  2 water moccasins
  A porcupine (Lair:2)
  A swamp drake (Swamp:3)
  2 ogres
  6 orc warriors (Orc)
  5 wolves (Lair:5)
  2 bullfrogs
  3 centaurs
  A scorpion (D:5)
  2 killer bees (D:7)
  3 orc priests (Orc)
  A crimson imp (D:4)
  A hound (D:5)
  4 orc wizards
  An iguana (D:4)
  A hound zombie (D:9)
  An adder (D:9)
  A shadow imp (D:7)
  10 orcs
  A kobold (D:3)
  A goblin (D:2)
  A plant (Lair:6)
217 creatures vanquished.

Vanquished Creatures (others)
  An alligator (Swamp:3)
  An unseen horror (D:12)
  A swamp dragon (Swamp:3)
  A manticore (Shoals:3)
  13 fungi
  26 plants
  17 tentacles (Shoals:2)
60 creatures vanquished.

Grand Total: 925 creatures vanquished

Notes
Turn   | Place    | Note
-------+----------+-------------------------------------------
     0 | D:1      | Mehrunes the Demonspawn Monk began the quest for the Orb.
     0 | D:1      | Reached XP level 1. HP: 18/18 MP: 2/2
   162 | D:1      | Gained mutation: You have sharp fingernails. [demonic
                  | ancestry]
   162 | D:1      | Reached XP level 2. HP: 17/24 MP: 2/4
   711 | D:2      | Gained mutation: A weak demonic guardian rushes to your
                  | aid. [demonic ancestry]
   711 | D:2      | Reached XP level 3. HP: 25/29 MP: 2/5
   854 | D:2      | Noticed a sky beast
   869 | D:2      | Killed a sky beast
   870 | D:2      | Reached skill level 5 in Axes
   870 | D:2      | Gained mutation: You are immune to rotting. [demonic
                  | ancestry]
   870 | D:2      | Reached XP level 4. HP: 17/35 MP: 0/6
   870 | D:2      | Reached XP level 5. HP: 20/41 MP: 0/7
  1160 | D:2      | Found a glowing golden altar of the Shining One.
  1160 | D:2      | Found a burning altar of Makhleb.
  1160 | D:2      | Found a shimmering altar of Xom.
  1160 | D:2      | Found a bloodstained altar of Trog.
  1166 | D:2      | Became a worshipper of Makhleb the Destroyer
  1166 | D:2      | Reached * piety under Makhleb
  1166 | D:2      | Reached ** piety under Makhleb
  1558 | D:3      | Reached skill level 3 in Invocations
  2066 | D:3      | Reached skill level 4 in Invocations
  2154 | D:3      | Gained mutation: You have very sharp fingernails. [demonic
                  | ancestry]
  2154 | D:3      | Reached XP level 6. HP: 44/47 MP: 9/9
  2159 | D:3      | Found a sparkling altar of Nemelex Xobeh.
  2163 | D:3      | Found a transporter.
  2191 | D:3      | Noticed Earthwalker's ghost (amateur DgFE)
  2192 | D:3      | Found a transporter.
  2196 | D:3      | Identified the +7 dire flail "Pankuts" {chaos, MP+9 Dex+2}
  2329 | D:4      | Reached skill level 5 in Invocations
  2371 | D:4      | Reached XP level 7. HP: 45/52 MP: 8/11
  2415 | D:4      | Found a glowing drain.
  2429 | Sewer    | Entered a sewer
  2509 | Sewer    | Noticed Purgy
  2517 | Sewer    | Killed Purgy
  2518 | Sewer    | Reached skill level 6 in Invocations
  2992 | D:4      | Found a runed translucent gate.
  2993 | D:4      | Found a runed translucent gate.
  2993 | D:4      | Found a runed translucent gate.
  2995 | D:4      | Noticed Exe's ghost (amateur MiAc)
  3360 | D:5      | Entered Level 5 of the Dungeon
  3576 | D:5      | Reached *** piety under Makhleb
  3770 | D:5      | Reached skill level 7 in Invocations
  4136 | D:6      | Reached XP level 8. HP: 54/58 MP: 13/13
  4303 | D:6      | Reached skill level 8 in Invocations
  4309 | D:6      | Found a blossoming altar of Fedhas.
  4408 | D:6      | Learned a level 1 spell: Summon Butterflies
  4489 | D:6      | Reached skill level 9 in Invocations
  4882 | D:6      | Found a basalt altar of Yredelemnul.
  4916 | D:6      | Reached skill level 10 in Invocations
  4928 | D:6      | Identified the ring "Vudabo" {rC+ Dex+2}
  4936 | D:6      | Gained mutation: A demonic guardian rushes to your aid.
                  | [demonic ancestry]
  4936 | D:6      | Reached XP level 9. HP: 39/63 MP: 12/16
  5183 | D:7      | Reached **** piety under Makhleb
  5231 | D:7      | Found an ancient bone altar of Kikubaaqudgha.
  5338 | D:7      | Found a staircase to the Ecumenical Temple.
  5492 | D:7      | Noticed a gargoyle
  5614 | D:7      | Killed a gargoyle
  5615 | D:7      | Reached skill level 11 in Invocations
  6210 | D:7      | Reached skill level 10 in Axes
  6300 | D:7      | Reached skill level 12 in Invocations
  6384 | D:7      | Noticed a komodo dragon
  6391 | D:7      | Gained mutation: You may emit foul miasma when damaged in
                  | melee. [demonic ancestry]
  6391 | D:7      | Reached XP level 10. HP: 33/70 MP: 9/19
  6526 | D:7      | Found a staircase to the Lair.
  6755 | D:8      | Found an ornate altar of the Wu Jian Council.
  6788 | D:8      | Reached skill level 13 in Invocations
  6881 | D:8      | Noticed a +0 dagger
  6881 | D:8      | Noticed a +0 falchion
  6882 | D:8      | Noticed a +0 spear
  6882 | D:8      | Noticed a +0 dagger
  6884 | D:8      | Noticed a +0 short sword
  6885 | D:8      | Noticed a +0 spear
  6888 | D:8      | Noticed a +0 short sword
  6888 | D:8      | Noticed a +0 falchion
  6901 | D:8      | Found a hide-covered altar of Uskayaw.
  6907 | D:8      | Noticed Maurice
  7075 | D:8      | Found a sand-covered staircase.
  7080 | Ossuary  | Entered an ossuary
  7559 | D:8      | Killed Maurice
  7705 | D:8      | Reached ***** piety under Makhleb
  8154 | D:9      | Found a staircase to the Orcish Mines.
  8259 | D:9      | Found a flagged portal.
  8288 | Bailey   | Entered a bailey
  8464 | Bailey   | Noticed an orc knight
  8469 | Bailey   | Killed an orc knight
  8470 | Bailey   | Reached skill level 14 in Invocations
  8666 | Bailey   | Got a fading plate armour
  8690 | Bailey   | Identified the +0 plate armour of Greater Demons {rC+ rCorr
                  | Str-3 SInv} (You found it in a bailey)
  8764 | D:9      | Noticed a catoblepas
  8805 | D:9      | Killed a catoblepas
  8806 | D:9      | Gained mutation: Your magical and physical power is
                  | slightly enhanced at high health. [demonic ancestry]
  8806 | D:9      | Reached XP level 11. HP: 68/75 MP: 21/21
  9339 | D:9      | Reached skill level 15 in Invocations
 10031 | Lair:1   | Entered Level 1 of the Lair of Beasts
 11021 | Lair:2   | Reached skill level 16 in Invocations
 11040 | Lair:2   | Noticed Gastronok
 11051 | Lair:2   | Killed Gastronok
 11052 | Lair:2   | Reached XP level 12. HP: 69/81 MP: 21/24
 11157 | Lair:2   | Found a staircase to the Swamp.
 11436 | Lair:2   | Noticed a five-headed hydra
 11438 | Lair:2   | Killed a five-headed hydra
 11532 | Lair:2   | Reached skill level 17 in Invocations
 11904 | Lair:3   | Found a staircase to the Shoals.
 13176 | Lair:4   | Reached skill level 18 in Invocations
 13876 | Lair:4   | Got a bound iron ring
 13963 | Lair:5   | Noticed Urug
 13968 | Lair:5   | Killed Urug
 14102 | Lair:5   | Reached XP level 13. HP: 76/86 MP: 23/26
 14387 | Lair:5   | Reached skill level 19 in Invocations
 14395 | Lair:5   | Reached skill level 15 in Axes
 14491 | Lair:5   | Got an ichor-stained ring mail
 14701 | Lair:5   | Got a twisted robe
 14943 | Lair:6   | Entered Level 6 of the Lair of Beasts
 14951 | Lair:6   | Found a viscous altar of Jiyva.
 15027 | Lair:6   | Found a staircase to the Slime Pits.
 15166 | Lair:6   | Identified the ring "Zufas" {rPois Dex+4} (You found it on
                  | level 4 of the Lair of Beasts)
 15642 | Lair:6   | Reached skill level 20 in Invocations
 15846 | Lair:6   | Reached XP level 14. HP: 61/93 MP: 22/28
 16512 | Lair:6   | Reached skill level 5 in Fighting
 17020 | D:10     | Entered Level 10 of the Dungeon
 17026 | D:10     | Found Piakoeti's Weapon Emporium.
 17727 | Orc      | Entered the Orcish Mines
 17727 | Orc      | Found Oxoone Ack's Jewellery Shoppe.
 17789 | Orc      | Noticed Nergalle
 17793 | Orc      | Noticed Erolcha
 17799 | Orc      | Noticed an orc warlord
 17800 | Orc      | Killed Nergalle
 17806 | Orc      | Killed Erolcha
 18008 | D:9      | Killed an orc warlord
 18382 | Orc      | Found a staircase to the Elven Halls.
 18648 | Orc      | Found a roughly hewn altar of Beogh.
 18661 | Orc      | Paralysed by an orc sorcerer for 4 turns
 18672 | Orc      | Found Xeirin's Antique Armour Emporium.
 18678 | Orc      | Found Mirruunt's Antique Weapon Emporium.
 18700 | Orc      | Found Fozesm's Jewellery Emporium.
 18746 | Orc      | Noticed Jorgrun
 18761 | Orc      | Killed Jorgrun
 18762 | Orc      | Reached skill level 10 in Fighting
 18905 | Orc      | Bought the amulet "Byjucog" {Faith MR+ Str+4} for 848 gold
                  | pieces
 19221 | Orc      | Found Ucudibor's General Store.
 20401 | D:11     | Reached XP level 15. HP: 118/118 MP: 29/29
 20546 | D:11     | Got a translucent copper amulet
 20550 | D:11     | Identified the amulet "Siwkara" {RegenMP MR+} (You found it
                  | on level 11 of the Dungeon)
 20695 | D:11     | Found a gate to the Vaults.
 21058 | D:12     | Entered Level 12 of the Dungeon
 21454 | Orc      | Bought an uncursed ring of protection from fire for 300
                  | gold pieces
 21698 | Swamp:1  | Entered Level 1 of the Swamp
 21705 | Swamp:1  | Reached skill level 1 in Armour
 22313 | Swamp:1  | Found the +7 sceptre of Torment {pain, torment}
 22454 | Swamp:2  | Noticed Donald
 22522 | Swamp:1  | Killed Donald
 22523 | Swamp:1  | Reached skill level 5 in Armour
 22859 | Swamp:2  | Noticed Frances
 23022 | Swamp:2  | Noticed a thorn hunter
 23035 | Swamp:2  | Killed a thorn hunter
 23571 | D:12     | Found a staircase to the Depths.
 23587 | D:12     | HP: 4/121 [shot self (56)]
 23588 | D:12     | Reached skill level 1 in Maces & Flails
 24130 | D:12     | Found an iron altar of Okawaru.
 24620 | Shoals:1 | Entered Level 1 of the Shoals
 24634 | Shoals:1 | HP: 6/121 [drowned by a water nymph (7)]
 25679 | Swamp:2  | Killed Frances
 25680 | Swamp:2  | Reached skill level 1 in Shields
 25876 | Swamp:2  | HP: 1/121 [shambling mangrove (16)]
 26092 | Swamp:2  | Gained mutation: You are partially covered in icy blue
                  | scales. (AC +2) [demonic ancestry]
 26092 | Swamp:2  | Reached XP level 16. HP: 47/127 MP: 30/30
 27053 | Swamp:3  | Entered Level 3 of the Swamp
 28287 | Swamp:3  | Noticed Nikola
 28692 | Shoals:1 | Got a twisted great sword
 29715 | Shoals:2 | Reached skill level 5 in Maces & Flails
 31177 | Shoals:2 | Noticed a kraken
 31201 | Shoals:2 | Killed a kraken
 31760 | Shoals:3 | Entered Level 3 of the Shoals
 31760 | Shoals:3 | Found a stormy altar of Qazlal.
 31823 | Shoals:3 | Reached skill level 5 in Shields
 31989 | Shoals:3 | Reached skill level 10 in Armour
 32223 | Shoals:3 | Identified the amulet "Keysk" {Reflect rF- rC+ Str+3 Dex+3
                  | SH+4}
 32677 | Shoals:3 | Noticed a titan
 32686 | Shoals:3 | Killed a titan
 32687 | Shoals:3 | Gained mutation: You frequently emit foul miasma when
                  | damaged in melee. [demonic ancestry]
 32687 | Shoals:3 | Reached XP level 17. HP: 121/133 MP: 31/31
 33072 | Shoals:3 | Got a barnacled rune of Zot
 33089 | Shoals:3 | Noticed Polyphemus
 33100 | Shoals:3 | Killed Polyphemus
 33967 | Elf:1    | Entered Level 1 of the Elven Halls
 34188 | Elf:1    | Identified a scroll of acquirement
 34254 | Elf:1    | Identified the +0 helmet of the Trilobite {rCorr Slay-2
                  | Stlth+} (You acquired it on level 1 of the Elven Halls)
 34282 | Elf:1    | Found an ancient bone altar of Kikubaaqudgha.
 35612 | Swamp:3  | Killed Nikola
 35635 | Swamp:3  | HP: 4/135 [eight-headed hydra (5)]
 35635 | Swamp:3  | Slain by an eight-headed hydra

Skill      XL: |  1  2  3  4  5  6  7  8  9 10 11 12 13 14 15 16 17 |
---------------+----------------------------------------------------+-----
Axes           | 3 4 5 6 7 8 10 11 13 14 15 16 | 16.3
Invocations    | 4 5 7 10 12 14 16 18 20 | 20.4
Fighting       | 11 12 | 12.6
Armour         | 8 10 11 | 11.0
Maces & Flails | 3 7 8 |  8.8
Shields        | 1 6 8 |  8.9
Dodging        | 3 |  3.2
Stealth        | |  2.0

Action                   |  1- 3 |  4- 6 |  7- 9 | 10-12 | 13-15 | 16-18 || total
-------------------------+-------+-------+-------+-------+-------+-------++-------
Melee: Hand axe          |   102 |    71 |    17 |    20 |       |       ||   210
       Flail             |       |    64 |    32 |       |       |       ||    96
       War axe           |       |       |       |   348 |   506 |       ||   854
       Eveningstar       |       |       |       |       |   105 |   447 ||   552
       Broad axe         |       |       |       |       |       |   136 ||   136
Invok: Minor Destruction |       |    13 |   271 |   261 |   381 |   149 ||  1075
       Major Destruction |       |       |       |    16 |    46 |    32 ||    94
       Greater Servant o |       |       |       |     5 |    13 |     7 ||    25
       Hew               |       |       |       |     1 |       |       ||     1
  Use: Scroll            |     2 |     3 |     5 |    13 |    13 |    22 ||    58
       Potion            |       |     1 |     2 |     7 |    14 |     3 ||    27
 Stab: Distracted        |     1 |       |     1 |     4 |     8 |     5 ||    19
       Sleeping          |       |     1 |       |       |       |       ||     1
       Invisible         |       |       |       |       |       |     3 ||     3
  Eat: Chunk             |     3 |     7 |    18 |    31 |    40 |    29 ||   128
       Ration            |       |       |       |     1 |     6 |     6 ||    13
Armor: Ring mail         |    31 |    32 |    31 |       |       |       ||    94
       Chain mail        |       |       |    24 |   240 |   155 |       ||   419
       Plate armour      |       |       |       |       |   247 |   574 ||   821
Dodge: Dodged            |    61 |    84 |    68 |   120 |   193 |   115 ||   641
Block: Medium shield     |       |       |       |       |    20 |   366 ||   386
